Map: Jagannatha LE

Players

SKillous

  • Race: Protoss Protoss
  • League: Grandmaster
  • Spawn Location: 1:00

Lambo - Winner!

  • Race: Zerg Zerg
  • League: Master
  • Spawn Location: 7:00

Event: DreamHack SC2 Masters 2020 Winter

VOD

Have the link to the VOD?

Description

Time

  • Played on: Oct. 29, 2020, 4:11 p.m.
  • Length: 24:07

All games in this series

Show
View Real Time Build Order
Export as new Build Order

SKillous Protoss 

Build Orders: 1 Gate Expand, Carriers 

Get SALT Encoding   

  12  0:00  Probe  
  13  0:12  Probe  
  14  0:20  Pylon  
  14  0:24  Probe  
  15  0:38  Probe (Chrono Boost)  
  15  0:42  Gateway  
  16  0:43  Assimilator  
  16  0:49  Probe (Chrono Boost)  
  17  0:53  Probe (Chrono Boost)  
  18  1:04  Probe  
  19  1:16  Probe  
  20  1:25  Nexus  
  20  1:35  Cybernetics Core  
  20  1:38  Probe  
  21  1:47  Assimilator  
  21  1:50  Probe  
  22  1:54  Pylon  
  22  2:03  Probe  
  23  2:09  Adept (Chrono Boost)  
  23  2:15  Probe  
  26  2:18  Stargate  
  26  2:26  Warp Gate  
  26  2:28  Probe (Chrono Boost)  
  26  2:29  Adept (Chrono Boost)  
  30  2:37  Probe (Chrono Boost)  
  31  2:45  Probe (Chrono Boost)  
  31  2:46  Probe (Chrono Boost)  
  33  2:51  Probe x2 (Chrono Boost)  
  33  2:55  Void Ray (Chrono Boost)  
  34  3:03  Probe x2  
  40  3:10  Pylon  
  40  3:15  Probe  
  40  3:16  Probe  
  42  3:23  Gateway  
  42  3:26  Void Ray (Chrono Boost)  
  42  3:27  Probe  
  42  3:28  Probe  
  48  3:38  Assimilator  
  48  3:39  Probe  
  48  3:40  Assimilator  
  49  3:42  Probe  
  49  3:47  Pylon  
  50  3:51  Probe  
  50  3:54  Probe  
  52  3:56  Stargate  
  52  4:04  Probe  
  52  4:06  Probe, Void Ray  
  54  4:16  Probe  
  59  4:18  Probe  
  60  4:25  Nexus  
  60  4:28  Pylon, Probe  
  60  4:30  Probe  
  62  4:38  Pylon  
  62  4:41  Void Ray (Chrono Boost)  
  62  4:46  Probe x2  
  62  4:47  Void Ray (Chrono Boost)  
  68  4:56  Pylon  
  68  4:58  Probe  
  73  5:00  Shield Battery  
  73  5:01  Probe  
  74  5:11  Adept, Probe  
  74  5:12  Void Ray (Chrono Boost)  
  77  5:17  Probe, Void Ray  
  82  5:25  Pylon  
  86  5:29  Twilight Council  
  86  5:33  Forge  
  86  5:36  Probe (Chrono Boost)  
  86  5:37  Probe x2 (Chrono Boost)  
  89  5:45  Void Ray (Chrono Boost)  
  89  5:48  Probe (Chrono Boost)  
  92  5:54  Probe x2 (Chrono Boost)  
  92  5:56  Void Ray (Chrono Boost)  
  92  5:57  Probe (Chrono Boost)  
  97  5:59  Assimilator  
  97  6:00  Protoss Air Weapons Level 1  
  97  6:01  Assimilator  
  97  6:03  Probe  
  98  6:07  Pylon  
  98  6:08  Protoss Ground Weapons Level 1 (Chrono Boost)  
  98  6:11  Probe x2  
  104  6:15  Pylon  
  104  6:21  Void Ray (Chrono Boost)  
  104  6:23  Probe x2  
  104  6:25  Pylon  
  106  6:30  Probe  
  111  6:33  Gateway  
  111  6:35  Gateway, Probe  
  111  6:37  Gateway, Void Ray  
  116  6:49  Charge (Chrono Boost)  
  116  6:50  Templar Archives  
  116  6:52  Probe  
  117  6:56  Shield Battery  
  117  7:09  Void Ray  
  117  7:11  Gateway x2  
  117  7:13  Photon Cannon  
  117  7:14  Photon Cannon, Gateway  
  117  7:16  Pylon  
  117  7:17  Psionic Storm  
  117  7:22  Zealot x2  
  125  7:27  Probe  
  126  7:30  Sentry  
  126  7:35  Photon Cannon  
  128  7:37  Shield Battery  
  128  7:40  Pylon  
  128  7:44  High Templar x2  
  128  7:45  Zealot x2  
  132  8:03  High Templar  
  134  8:06  High Templar x2  
  134  8:07  Nexus  
  134  8:09  Pylon  
  138  8:13  Pylon  
  138  8:18  Sentry  
  138  8:19  Zealot x4  
  148  8:24  Pylon x2, Protoss Ground Weapons Level 2 (Chrono Boost)  
  148  8:28  Pylon  
  148  8:31  Photon Cannon  
  148  8:32  Photon Cannon  
  148  8:34  Photon Cannon, Shield Battery  
  148  8:39  Assimilator  
  148  8:41  Probe  
  148  8:43  Assimilator  
  148  8:47  Probe  
  148  8:48  Probe  
  151  8:49  Fleet Beacon  
  151  8:53  Probe  
  151  8:55  High Templar x2  
  154  8:57  Photon Cannon  
  154  8:59  Photon Cannon  
  154  9:00  Shield Battery  
  154  9:07  Probe  
  151  9:13  Stargate  
  151  9:16  Zealot x4  
  159  9:21  Probe x2  
  161  9:25  High Templar  
  161  9:26  High Templar  
  161  9:27  Zealot x2  
  161  9:31  Archon  
  169  9:32  Probe  
  169  9:33  Carrier (Chrono Boost)  
  176  9:47  Photon Cannon  
  176  9:50  Photon Cannon, Protoss Air Weapons Level 2 (Chrono Boost)  
  176  9:51  Carrier (Chrono Boost)  
  180  10:01  Carrier (Chrono Boost)  
  182  10:13  Flux Vanes, Nexus  
  182  10:14  Pylon  
  180  10:17  Pylon  
  176  10:24  Cybernetics Core  
  176  10:28  Carrier (Chrono Boost)  
  182  10:40  Photon Cannon  
  182  10:42  Photon Cannon  
  182  10:44  High Templar  
  182  10:48  Zealot x3  
  194  10:50  Carrier (Chrono Boost)  
  182  11:13  Carrier (Chrono Boost)  
  182  11:17  Photon Cannon  
  178  11:19  Oracle (Chrono Boost)  
  177  11:27  Zealot x8  
  189  11:39  Photon Cannon  
  189  11:40  Oracle  
  189  11:41  Pylon  
  182  11:47  Zealot x4  
  182  11:49  Protoss Air Armor Level 1 (Chrono Boost)  
  174  11:57  Carrier (Chrono Boost)  
  174  12:04  Zealot x2  
  156  12:19  Zealot x4  
  154  12:33  High Templar x4  
  162  12:39  Archon  
  162  12:40  Archon  
  151  12:50  Zealot  
  151  12:51  Zealot x3  
  141  13:05  High Templar x4  
  149  13:18  Zealot x2  
  146  13:23  Carrier (Chrono Boost)  
  142  13:30  Carrier (Chrono Boost)  
  114  13:46  High Templar x2  
  114  13:47  High Templar x2  
  114  13:48  Sentry x2  
  125  13:50  Probe  
  125  13:52  Archon x2  
  126  14:00  Probe  
  126  14:01  Probe  
  128  14:03  Probe  
  128  14:23  Carrier (Chrono Boost)  
  128  14:30  High Templar  
  134  14:33  Probe  
  134  14:35  Probe  
  134  14:38  Probe  
  135  14:44  Shield Battery  
  135  14:57  Carrier (Chrono Boost)  
  141  15:14  High Templar x2  
  141  15:20  Assimilator  
  143  15:22  Assimilator  
  143  15:29  Probe x2  
  145  15:45  Protoss Air Weapons Level 3 (Chrono Boost), Probe  
  146  15:50  Probe  
  146  15:52  Void Ray (Chrono Boost)  
  146  15:54  Nexus  
  147  15:58  Pylon  
  147  16:01  Probe x2  
  147  16:03  Probe  
  154  16:06  Void Ray (Chrono Boost)  
  156  16:22  Void Ray (Chrono Boost)  
  156  16:24  Assimilator  
  160  16:29  Assimilator  
  160  16:31  Pylon  
  160  16:35  Void Ray  
  160  16:45  Void Ray  
  172  17:08  Void Ray (Chrono Boost)  
  172  17:18  Void Ray (Chrono Boost)  
  170  17:26  Void Ray (Chrono Boost)  
  176  17:37  Photon Cannon  
  176  17:39  Zealot x4, Shield Battery  
  176  17:42  Photon Cannon, Void Ray (Chrono Boost)  
  176  17:44  Photon Cannon  
  184  17:45  Pylon  
  188  17:56  Robotics Facility  
  191  18:15  Tempest (Chrono Boost), Probe x2  
  191  18:16  Probe  
  191  18:17  Tempest (Chrono Boost)  
  189  18:45  Void Ray  
  193  18:50  Observer (Chrono Boost)  
  193  18:52  Zealot  
  190  19:34  Stargate x2  
  190  19:37  Stargate  
  185  19:48  Pylon  
  185  19:49  Pylon  
  185  19:50  Pylon  
  185  19:51  Pylon x2  
  185  20:17  Pylon x2  
  185  20:18  Pylon  
  180  20:35  Observer  
  181  20:39  Oracle (Chrono Boost)  
  184  20:49  Void Ray (Chrono Boost)  
  184  20:57  Void Ray (Chrono Boost)  
  185  21:09  Cybernetics Core, Nexus  
  185  21:10  Void Ray (Chrono Boost)  
  185  21:16  Nexus  
  186  21:20  Void Ray (Chrono Boost)  
  186  21:22  Pylon  
  186  21:23  Pylon  
  186  21:24  Void Ray (Chrono Boost)  
  186  21:28  Probe  
  195  21:43  Pylon  
  193  22:00  Void Ray x3 (Chrono Boost)  
  141  22:10  Zealot x3  
  115  22:26  Immortal (Chrono Boost)  
  97  22:32  Probe (Chrono Boost)  
  97  22:33  Gateway  
  97  22:34  Void Ray x2 (Chrono Boost)  
  97  22:36  Gateway  
  90  22:37  Zealot x3, Void Ray (Chrono Boost)  
  90  22:38  Gateway, Probe x3 (Chrono Boost)  
  90  22:39  Gateway, Probe (Chrono Boost)  
  90  22:42  Probe (Chrono Boost)  
  109  22:46  Probe x4 (Chrono Boost)  
  112  23:03  Immortal  
  112  23:04  Void Ray x2  
  111  23:08  Gateway x2  
  111  23:10  Void Ray  
  111  23:11  Gateway  
  111  23:12  Gateway  
  105  23:18  Zealot x2  
  108  23:24  Twilight Council  
  108  23:26  Zealot  
  99  23:39  Zealot  
  85  23:44  Zealot  
  85  23:47  Zealot  
Show
View Real Time Build Order
Export as new Build Order

Lambo Zerg - Winner!

Build Orders: Hatch First, Lurkers 

Get SALT Encoding   

  12  0:00  Drone  
  13  0:12  Overlord  
  13  0:17  Drone  
  14  0:31  Drone x2  
  16  0:49  Hatchery  
  15  0:51  Drone  
  15  0:55  Drone  
  17  0:59  Drone  
  18  1:09  Extractor  
  17  1:14  Spawning Pool  
  17  1:17  Drone  
  17  1:22  Drone  
  18  1:28  Drone  
  19  1:39  Drone  
  20  1:51  Overlord  
  20  2:01  Queen x2  
  20  2:02  Zergling x4  
  26  2:11  Drone x2  
  28  2:17  Metabolic Boost  
  28  2:23  Drone x2  
  30  2:35  Hatchery  
  29  2:38  Drone  
  29  2:41  Drone  
  32  2:44  Drone  
  32  2:46  Overlord  
  32  2:54  Queen  
  32  2:57  Drone  
  35  3:02  Drone  
  36  3:06  Drone x2  
  36  3:10  Drone x3  
  41  3:18  Queen  
  41  3:19  Overlord  
  43  3:26  Drone  
  44  3:36  Queen  
  44  3:39  Drone x2  
  44  3:40  Drone  
  49  3:43  Drone  
  49  3:47  Spore Crawler  
  49  3:48  Spore Crawler  
  48  3:50  Drone x2  
  48  3:51  Queen  
  48  3:53  Overlord  
  52  3:59  Overlord  
  52  4:00  Drone x3  
  55  4:11  Overlord  
  55  4:12  Drone x2  
  55  4:15  Overlord  
  57  4:17  Drone  
  57  4:18  Drone  
  57  4:20  Drone x5  
  57  4:22  Spore Crawler  
  57  4:24  Zergling x2  
  63  4:30  Roach Warren, Zergling x2  
  63  4:34  Zergling x2  
  63  4:35  Drone  
  63  4:37  Lair  
  65  4:41  Drone  
  65  4:42  Drone, Extractor  
  65  4:43  Drone x2, Extractor  
  65  4:45  Zergling x2  
  68  4:46  Drone  
  68  4:50  Drone, Evolution Chamber  
  68  4:51  Drone  
  68  4:52  Drone  
  71  4:54  Drone  
  72  5:01  Drone x2  
  72  5:06  Drone  
  76  5:07  Drone, Overlord  
  76  5:09  Overlord  
  76  5:13  Drone  
  76  5:14  Drone  
  78  5:17  Drone x2  
  78  5:18  Extractor, Overlord  
  78  5:19  Extractor  
  78  5:24  Overlord  
  78  5:26  Roach x5  
  88  5:35  Roach x3  
  94  5:39  Drone x4  
  94  5:40  Hydralisk Den  
  94  5:42  Glial Reconstitution  
  97  5:43  Extractor  
  97  5:44  Drone x2  
  97  5:46  Overlord  
  97  5:47  Drone x2  
  99  6:00  Hatchery  
  97  6:06  Queen x2  
  97  6:09  Hydralisk x5  
  111  6:16  Hydralisk x3  
  117  6:22  Hydralisk x2  
  117  6:23  Drone  
  117  6:25  Muscular Augments  
  122  6:30  Hatchery  
  122  6:33  Evolution Chamber  
  122  6:35  Drone, Evolution Chamber  
  121  6:42  Overlord  
  121  6:44  Drone  
  118  6:48  Overlord, Hydralisk x2  
  118  6:53  Overlord  
  122  6:54  Overlord  
  122  7:07  Hydralisk x5  
  122  7:08  Hatchery  
  132  7:11  Zerg Missile Weapons Level 1  
  132  7:14  Zerg Ground Armor Level 1  
  132  7:19  Hydralisk x3  
  132  7:21  Hydralisk x3  
  145  7:22  Drone  
  145  7:23  Drone  
  145  7:27  Drone x6  
  152  7:33  Drone x2  
  152  7:35  Infestation Pit  
  152  7:36  Grooved Spines  
  153  7:37  Overlord  
  153  7:39  Overlord  
  153  7:40  Overlord  
  153  7:41  Drone  
  154  7:44  Overlord  
  154  7:46  Overlord  
  154  7:57  Drone x4, Extractor  
  157  7:59  Zergling x4  
  157  8:01  Extractor  
  157  8:03  Pneumatized Carapace  
  157  8:04  Drone x6  
  164  8:14  Overlord  
  164  8:16  Zergling x2  
  164  8:17  Zergling x6  
  168  8:20  Queen  
  168  8:23  Overlord  
  168  8:25  Zergling x6  
  172  8:30  Hive  
  172  8:31  Lurker Den  
  172  8:32  Hatchery, Hydralisk x2  
  173  8:45  Queen  
  173  8:46  Queen  
  177  8:53  Drone x7  
  177  8:54  Drone x3  
  186  8:56  Queen  
  186  8:57  Spine Crawler  
  186  8:58  Spine Crawler  
  186  9:11  Hydralisk x10  
  186  9:15  Zerg Missile Weapons Level 2  
  195  9:25  Spore Crawler  
  195  9:26  Extractor  
  195  9:27  Extractor  
  192  9:37  Lurker x2  
  192  9:38  Lurker x5  
  198  9:39  Lurker  
  198  9:42  Seismic Spines  
  198  9:48  Zerg Ground Armor Level 2  
  198  9:50  Spine Crawler x2  
  198  9:51  Spire  
  194  9:59  Drone x2  
  195  10:03  Spine Crawler x2  
  195  10:04  Lurker x4  
  197  10:15  Lurker x3  
  199  10:31  Spine Crawler  
  199  10:32  Spine Crawler  
  194  10:37  Overseer x2  
  194  10:38  Overseer  
  194  10:39  Adaptive Talons  
  180  10:46  Hydralisk  
  180  10:47  Hydralisk x9  
  199  11:00  Hydralisk  
  199  11:01  Hydralisk  
  198  11:11  Hydralisk x6  
  189  11:21  Hydralisk x5  
  189  11:24  Hydralisk x3  
  197  11:27  Hydralisk  
  195  11:33  Hydralisk x3  
  197  11:44  Hydralisk x5  
  197  11:47  Hydralisk x3  
  192  11:49  Hydralisk x2  
  190  11:54  Hydralisk x5  
  185  12:02  Hydralisk x9  
  185  12:06  Hydralisk  
  195  12:12  Hydralisk x4  
  195  12:15  Hydralisk x2  
  190  12:20  Drone x8  
  190  12:22  Overseer x3  
  198  12:27  Drone x3  
  198  12:30  Zerg Flyer Weapons Level 1  
  198  12:31  Spire  
  197  12:42  Hydralisk x6  
  192  12:51  Drone x5  
  190  13:05  Hydralisk x2  
  190  13:17  Hydralisk x4  
  170  13:28  Hydralisk x2  
  170  13:32  Drone x2  
  190  13:38  Overseer x2  
  174  13:51  Viper  
  174  13:54  Zerg Flyer Armor Level 1  
  177  13:58  Lurker  
  177  13:59  Lurker x2  
  177  14:00  Lurker, Spore Crawler x3  
  177  14:02  Spore Crawler  
  177  14:04  Viper  
  177  14:05  Corruptor x5  
  177  14:08  Overseer  
  177  14:09  Spore Crawler  
  189  14:11  Spore Crawler x3  
  189  14:12  Spore Crawler  
  189  14:14  Spore Crawler  
  189  14:15  Spore Crawler  
  181  14:22  Viper  
  184  14:27  Drone x6  
  184  14:29  Spore Crawler  
  188  14:32  Spore Crawler  
  188  14:34  Zerg Missile Weapons Level 3  
  187  14:39  Drone x3  
  187  14:44  Hatchery  
  189  14:48  Overlord x3  
  189  14:55  Spore Crawler  
  189  14:56  Spore Crawler x3  
  189  14:57  Spore Crawler x2  
  189  14:58  Spore Crawler  
  189  14:59  Overlord  
  185  15:07  Lurker x3  
  185  15:09  Lurker x3, Corruptor  
  185  15:10  Corruptor  
  192  15:19  Viper  
  192  15:20  Corruptor  
  197  15:22  Overseer  
  197  15:32  Drone x3  
  197  15:33  Zerg Flyer Weapons Level 2  
  200  15:35  Zerg Ground Armor Level 3  
  200  16:18  Extractor x2  
  198  16:19  Zerg Flyer Armor Level 2  
  197  16:29  Drone  
  197  16:30  Drone x2  
  200  16:46  Corruptor  
  194  17:26  Corruptor x5  
  199  17:36  Drone  
  198  18:00  Lurker  
  198  18:01  Lurker x2  
  198  18:02  Lurker  
  198  18:03  Corruptor  
  198  18:16  Drone x2  
  198  18:19  Zerg Flyer Weapons Level 3  
  200  18:20  Zerg Melee Weapons Level 1  
  200  18:23  Spore Crawler  
  200  18:24  Spore Crawler  
  200  18:25  Spore Crawler  
  200  18:27  Spore Crawler x3  
  196  18:28  Hatchery  
  196  18:32  Spore Crawler  
  196  18:33  Spore Crawler, Corruptor x4  
  196  18:34  Spore Crawler, Corruptor  
  195  18:44  Corruptor x2  
  199  19:07  Spore Crawler  
  199  19:08  Spore Crawler x2  
  196  19:10  Spore Crawler  
  195  19:19  Corruptor x2  
  199  19:34  Spore Crawler  
  199  19:36  Spore Crawler x3  
  199  19:38  Spore Crawler x2  
  191  19:46  Lurker  
  191  19:48  Lurker  
  191  19:51  Corruptor x3  
  197  20:01  Corruptor  
  199  20:17  Lurker  
  186  20:44  Lurker x3, Corruptor x5  
  186  20:45  Lurker  
  198  20:52  Viper x2  
  189  20:57  Corruptor x6  
  189  21:02  Corruptor  
  189  21:03  Corruptor x9  
  199  21:05  Hatchery, Zerg Flyer Armor Level 3  
  198  21:14  Overseer  
  198  21:17  Hydralisk  
  200  21:20  Hatchery  
  200  21:22  Overseer  
  156  22:01  Corruptor x7  
  156  22:02  Corruptor x2  
  144  22:16  Hydralisk x7  
  148  22:24  Hydralisk x2  
  148  22:28  Hydralisk  
  142  22:31  Hydralisk x7  
  142  22:32  Overseer  
  147  22:37  Drone x5  
  147  22:39  Spine Crawler  
  147  22:43  Lurker x4  
  150  22:47  Lurker, Overseer  
  150  22:48  Lurker  
  147  23:13  Drone x11  
  158  23:23  Hydralisk x3  
  153  23:40  Hydralisk x4  
  153  23:50  Spine Crawler  
  153  23:55  Lurker x2  
Tags
 
Add a new tag
Caveats
  • Supply blocks, unpowered buildings, or Contaminate may cause inaccurate times.
  • Supply counts are checked every 10 seconds.